 Dungeon Crawl Stone Soup version 0.25-a0-1119-g28b6fd0c3b (webtiles) character file.

Game seed: 4696195457747995388, levelgen mode: deterministic

553 Majang the Magician (level 7, -7/46 HPs)
             Began as a Formicid Earth Elementalist on May 18, 2020.
             Mangled by Pikel
             ... wielding a +2 whip of freezing
              (8 damage)
             ... on level 4 of the Dungeon.
             The game lasted 00:21:51 (5110 turns).

Majang the Magician (Formicid Earth Elementalist)   Turns: 5110, Time: 00:21:52

Health: -7/46      AC:  5    Str: 13    XL:     7   Next: 55%
Magic:  17/25      EV: 12    Int: 16    God:
Gold:   167        SH:  0    Dex: 11    Spells: 7/18 levels left

rFire    . . .     SeeInvis +   e - +0 war axe
rCold    . . .     Gourm    .   (no shield)
rNeg     . . .     Faith    .   c - +0 robe
rPois    .         Spirit   .   (helmet unavailable)
rElec    .         Reflect  .   t - +0 cloak
rCorr    .         Harm     .   u - +0 pair of gloves
MR       .....                  v - +0 pair of boots
Stlth    ++........             x - amulet of magic regeneration
HPRegen  0.15/turn              y - ring of magical power
MPRegen  0.44/turn              (no ring)

@: no status effects
A: permanent stasis, dig shafts and tunnels, four strong arms, antennae 3
a: Dig, Shaft Self


You were on level 4 of the Dungeon.
You were not hungry.

You visited 1 branch of the dungeon, and saw 4 of its levels.

You collected 167 gold pieces.

Inventory:

Hand Weapons
 e - a +0 war axe (weapon)
 g - a cursed -3 mace
 m - a cursed -3 spear
 p - a +1 dagger of flaming
Missiles
 b - 65 stones (quivered)
 q - 3 throwing nets
 w - 3 boomerangs
Armour
 c - a +0 robe (worn)
 t - a +0 cloak (worn)
 u - a +0 pair of gloves (worn)
 v - a +0 pair of boots (worn)
Jewellery
 x - an amulet of magic regeneration (around neck)
 y - a ring of magical power (left hand)
Scrolls
 j - 2 scrolls of identify
 n - a scroll of teleportation {unknown}
 o - a scroll of fog {unknown}
 r - a scroll of amnesia {unknown}
 z - a scroll of enchant armour {unknown}
Potions
 a - a potion of curing
 f - a potion of might {unknown}
 h - 2 potions of flight
 i - a potion of degeneration {unknown}
 k - a potion of heal wounds {unknown}
 s - a potion of mutation {unknown}
Comestibles
 d - 8 rations


   Skills:
 - Level 1.7 Dodging
 - Level 2.4 Stealth
 * Level 6.4 Spellcasting
 - Level 0.3 Conjurations
 - Level 1.3 Transmutations
 + Level 6.2 Earth Magic


You had 7 spell levels left.
You knew the following spells:

 Your Spells              Type           Power        Failure   Level  Hunger
a - Sandblast             Erth           ####..       1%          1    None
b - Stone Arrow           Conj/Erth      ###...       10%         3    ##.....
c - Lee's Rapid Deconstr  Erth           ####......   28%         5    #####..
w - Passwall              Tmut/Erth      ###.....     4%          2    None

Your spell library contained the following spells:

 Spells                   Type           Power        Failure   Level  Hunger
 Petrify                  Tmut/Erth      ###.....     26%         4    ####...


Dungeon Overview and Level Annotations

Branches:
Dungeon (4/15)
 Temple: D:4-7

Altars:
Dithmenos
Uskayaw

Annotations:
D:4 Pikel


Innate Abilities, Weirdness & Mutations

You cannot be hasted, slowed, berserked, paralysed or teleported.
You can dig through walls and to a lower floor.
Your four strong arms can wield two-handed weapons with a shield.
You have a pair of large antennae on your head. (SInv)


Message History

Aiming: Sandblast (safe; 1% risk of failure)
Press: ? - help, Shift-Dir - straight line, f/p - Pikel
Aim: Pikel, wielding a +2 whip of freezing and wearing a +0 robe (heavily wounded)
The blast of sand hits Pikel but does no damage.
Pikel is heavily wounded.
b - 66 stones Pikel hits you with a +2 whip of freezing!
* * * LOW HITPOINT WARNING * * *
Pikel freezes you.
* * * LOW HITPOINT WARNING * * *
Casting: Sandblast (safe; 1% risk of failure)
Confirm with . or Enter, or press ? or * to list all spells.
Aiming: Sandblast (safe; 1% risk of failure)
Press: ? - help, Shift-Dir - straight line, f/p - Pikel
Aim: Pikel, wielding a +2 whip of freezing and wearing a +0 robe (heavily wounded)
The blast of sand hits Pikel!
Pikel is heavily wounded.
b - 65 stones Pikel hits you with a +2 whip of freezing!
You die...

......##.....................###.
.#..###.......### ............#..
### #......## ................
#......#####...............
.............................
#......##..###.........###..#.
......####.p###........#######
#.....{ #.#K###).......# ##
#...#. h..##@#.........# ###. #..
.....####........## ...
...................#####.#
.........................#
..........................
..............##..........
........##..........
........##...##..##.
.###...########.##)#


You could see Pikel and a slave.

Vanquished Creatures
  A slave (D:4)
  2 scorpions (D:4)
  A howler monkey (D:4)
  An orc priest (D:3)
  A hound (D:4)
  2 orc wizards (D:3)
  2 worker ants (D:4)
  Robin (D:2)
  10 gnolls
  5 adders
  An ooze (D:3)
  An adder skeleton (D:4)
  A worm (D:2)
  4 dart slugs
  4 leopard geckos
  5 orcs
  7 bats
  3 giant cockroaches
  19 goblins
  7 hobgoblins
  4 kobolds
  2 quokkas (D:2)
  A ball python (D:3)
  A ball python skeleton (D:4)
  3 frilled lizards
  4 rats
93 creatures vanquished.

Vanquished Creatures (others)
  A bat (D:1)
1 creature vanquished.

Grand Total: 94 creatures vanquished

Notes
Turn   | Place    | Note
-------+----------+-------------------------------------------
     0 | D:1      | Majang the Formicid Earth Elementalist began the quest for
                  | the Orb.
     0 | D:1      | Reached XP level 1. HP: 13/13 MP: 3/3
   302 | D:1      | Reached XP level 2. HP: 19/19 MP: 3/5
   698 | D:1      | Reached XP level 3. HP: 23/24 MP: 7/7
   713 | D:1      | Learned a level 3 spell: Stone Arrow
   716 | D:1      | Learned a level 2 spell: Passwall
  1856 | D:2      | Reached XP level 4. HP: 29/30 MP: 7/9
  2302 | D:2      | Reached XP level 5. HP: 35/35 MP: 8/11
  2514 | D:2      | Noticed Robin
  2664 | D:2      | Killed Robin
  3290 | D:3      | Reached skill level 5 in Earth Magic
  3552 | D:3      | Reached XP level 6. HP: 32/41 MP: 10/13
  3556 | D:3      | Reached skill level 5 in Spellcasting
  3846 | D:3      | Found a hide-covered altar of Uskayaw.
  4017 | D:3      | Found a shadowy altar of Dithmenos.
  4540 | D:4      | Reached XP level 7. HP: 46/46 MP: 11/15
  5014 | D:4      | Learned a level 5 spell: Lee's Rapid Deconstruction
  5073 | D:4      | Noticed Pikel
  5109 | D:4      | HP: 1/46 [Pikel/+2 whip of freezing (2)]
  5110 | D:4      | Mangled by Pikel

Illustrated notes

Levels and vault maps discovered:
D:1:      grunt_arrival_crossed_arrows, layout_loops_cross, serial_forest,
          infiniplex_forest_lined_room_, infiniplex_forest_straight_3,
          infiniplex_forest_lined_corner, infiniplex_forest_lined_3,
          infiniplex_forest_straight_2, infiniplex_forest_clump_curved,
          infiniplex_forest_lined_3, infiniplex_forest_lined_ring,
          minmay_misc_feat_hallway
D:2:      layout_basic, uniq_robin
D:3:      layout_loops_ring, overflow_temple_1_default, old_standard_altar,
          first_ration
D:4:      layout_cave_pools, grunt_temple_overflow_champion_of_chaos,
          minmay_misc_feat_diagonals, uniq_pikel

Skill      XL: |  1  2  3  4  5  6  7 |
---------------+----------------------+-----
Earth Magic    | 4 5 6 |  6.2
Spellcasting   | 3 4 5 6 |  6.4
Dodging        | |  1.7
Stealth        | |  2.4
Conjurations   | |  0.3
Transmutations | |  1.3

Action                   |  1- 3 |  4- 6 |  7- 9 || total
-------------------------+-------+-------+-------++-------
Melee: Hand axe          |    93 |    48 |       ||   141
       War axe           |       |    10 |     9 ||    19
 Cast: Sandblast         |    20 |    59 |    27 ||   106
       Stone Arrow       |       |       |     4 ||     4
 Abil: Dig               |       |     4 |     3 ||     7
  Use: Scroll            |       |     4 |     1 ||     5
       Potion            |       |       |     2 ||     2
 Stab: Sleeping          |     2 |     2 |       ||     4
  Eat: Chunk             |     3 |     9 |     2 ||    14
Armor: Robe              |    32 |     6 |     4 ||    42
Dodge: Dodged            |    85 |    57 |     8 ||   150

Table legend:
 A = Non-vault XP
 B = Vault XP
 C = Vault XP percentage of total XP
 D = Non-vault monster count
 E = Vault monster count
 F = Vault count percentage of total count
                 A         B        C        D         E       F
            +---------+---------+-------+---------+---------+-------
      Total |     754 |      36 |   4.6 |      81 |      12 |  12.9
            +---------+---------+-------+---------+---------+-------
        D:1 |      35 |       0 |   0.0 |      18 |       0 |   0.0
        D:2 |     155 |      36 |  18.8 |      31 |      12 |  27.9
        D:3 |     208 |       0 |   0.0 |      17 |       0 |   0.0
        D:4 |     356 |       0 |   0.0 |      15 |       0 |   0.0
            +---------+---------+-------+---------+---------+-------
